BR (22 & UNDER)
GRAND RAPIDS DUTCH OVENS @ SAN FRANCISCO MACHO MEN
07/13/2028
 
TOP OF THE 1ST
Grand Rapids Dutch Ovens batting - Pitching for San Francisco Macho Men : RHP Roger Oliver
Pitching: RHP Roger Oliver
Batting: SHB Joe Emery 0-0: Ball
1-0: Ball
2-0: Ground out 1-3 (Groundball, 15S)
Batting: RHB Jason Philip 0-0: DOUBLE (Flyball, 7LM)
Batting: SHB John May 0-0: Called Strike
0-1: Ball
1-1: Ball
2-1: Called Strike
2-2: Ball
3-2: Fly out, F8 (Flyball, 8RM)
Batting: LHB Brad Fuller 0-0: Foul Ball, location: 2F
0-1: Ball
1-1: Ball
2-1: Called Strike
2-2: Fly out, F7 (Flyball, 7S)
Top of the 1st over - 0 run(s), 1 hit(s), 0 error(s), 1 left on base; Grand Rapids 0 - San Francisco 0
BOTTOM OF THE 1ST
San Francisco Macho Men batting - Pitching for Grand Rapids Dutch Ovens : RHP Alberto Bustamante
Pitching: RHP Alberto Bustamante
Batting: RHB Júlio Serra 0-0: Foul Ball, location: 2F
0-1: Foul Ball, location: 2F
0-2: Foul Ball, location: 2F
0-2: Ground out 5-3 (Groundball, 56S)
Batting: LHB Ángel De Jesús 0-0: Ball
1-0: Swinging Strike
1-1: SINGLE (Groundball, 34D) (infield hit)
Batting: LHB Ernesto Hernández 0-0: Ball
1-0: Called Strike
1-1: Ball
2-1: Foul Ball, location: 2F
2-2: Foul Ball, location: 2F
2-2: Ball
3-2: SINGLE (Groundball, 6MD)
Ángel De Jesús to second
Batting: RHB Ánibal López 0-0: Swinging Strike
0-1: Foul Ball, location: 2F
0-2: Ball
1-2: Foul Ball, location: 2F
1-2: Ball
2-2: Ball
3-2: Strikes out swinging
Batting: RHB Phil Rowlett 0-0: Foul Ball, location: 2F
0-1: Ball
1-1: Ball
2-1: Ball
3-1: Base on Balls
Ángel De Jesús to third
Ernesto Hernández to second
Batting: RHB Dean Oglethorpe 0-0: Ball
1-0: Ball
2-0: Ball
3-0: Called Strike
3-1: Called Strike
3-2: Ground out 6-3 (Groundball, 56)
Bottom of the 1st over - 0 run(s), 2 hit(s), 0 error(s), 3 left on base; Grand Rapids 0 - San Francisco 0
TOP OF THE 2ND
Grand Rapids Dutch Ovens batting - Pitching for San Francisco Macho Men : RHP Roger Oliver
Batting: RHB Weldon Bell 0-0: Ball
1-0: Called Strike
1-1: Ball
2-1: Fly out, F8 (Line Drive, 89M)
Batting: RHB António Aguilera 0-0: Swinging Strike
0-1: Foul Ball, location: 2F
0-2: Strikes out looking
Batting: RHB Ismael Mojica 0-0: Swinging Strike
0-1: Ball
1-1: Swinging Strike
1-2: Ball
2-2: Foul Ball, location: 2F
2-2: Strikes out swinging
Top of the 2nd over - 0 run(s), 0 hit(s), 0 error(s), 0 left on base; Grand Rapids 0 - San Francisco 0
BOTTOM OF THE 2ND
San Francisco Macho Men batting - Pitching for Grand Rapids Dutch Ovens : RHP Alberto Bustamante
Batting: RHB Bob Jones 0-0: Ball
1-0: Fly out, F9 (Flyball, 9LSF)
Batting: RHB Lawrence Pérez 0-0: Ball
1-0: Ball
2-0: Ball
3-0: Called Strike
3-1: Fly out, F7 (Flyball, 7)
Batting: RHB Daniel Bennett 0-0: Foul Ball, location: 2F
0-1: Ball
1-1: Swinging Strike
1-2: Strikes out swinging
Bottom of the 2nd over - 0 run(s), 0 hit(s), 0 error(s), 0 left on base; Grand Rapids 0 - San Francisco 0
TOP OF THE 3RD
Grand Rapids Dutch Ovens batting - Pitching for San Francisco Macho Men : RHP Roger Oliver
Batting: RHB Takuro Okawa 0-0: Foul Ball, location: 2F
0-1: Foul Ball, location: 2F
0-2: Ball
1-2: Fly out, F8 (Flyball, 8LM)
Batting: LHB Abel Wheeler 0-0: Swinging Strike
0-1: Called Strike
0-2: Strikes out swinging
Batting: SHB Joe Emery 0-0: SINGLE (Line Drive, 56)
Batting: RHB Jason Philip 0-0: Ball
1-0: Ground out 1-3 (Groundball, 15S)
Top of the 3rd over - 0 run(s), 1 hit(s), 0 error(s), 1 left on base; Grand Rapids 0 - San Francisco 0
BOTTOM OF THE 3RD
San Francisco Macho Men batting - Pitching for Grand Rapids Dutch Ovens : RHP Alberto Bustamante
Batting: RHB Júlio Serra 0-0: Ball
1-0: Called Strike
1-1: Ball
2-1: Ball
3-1: Swinging Strike
3-2: Strikes out swinging
Batting: LHB Ángel De Jesús 0-0: Ball
1-0: Foul Ball, location: 2F
1-1: Called Strike
1-2: Strikes out looking
Batting: LHB Ernesto Hernández 0-0: Ball
1-0: Ball
2-0: Fly out, F8 (Flyball, 8LS)
Bottom of the 3rd over - 0 run(s), 0 hit(s), 0 error(s), 0 left on base; Grand Rapids 0 - San Francisco 0
TOP OF THE 4TH
Grand Rapids Dutch Ovens batting - Pitching for San Francisco Macho Men : RHP Roger Oliver
Batting: SHB John May 0-0: Called Strike
0-1: Swinging Strike
0-2: Ball
1-2: Ball
2-2: Strikes out swinging
Batting: LHB Brad Fuller 0-0: Foul Ball, location: 2F
0-1: Foul Ball, location: 2F
0-2: Ball
1-2: Ground out 5-3 (Groundball, 56S)
Batting: RHB Weldon Bell 0-0: Ground out 6-3 (Groundball, 6)
Top of the 4th over - 0 run(s), 0 hit(s), 0 error(s), 0 left on base; Grand Rapids 0 - San Francisco 0
BOTTOM OF THE 4TH
San Francisco Macho Men batting - Pitching for Grand Rapids Dutch Ovens : RHP Alberto Bustamante
Batting: RHB Ánibal López 0-0: Ball
1-0: Ball
2-0: Foul Ball, location: 2F
2-1: Swinging Strike
2-2: Strikes out swinging, 2-3 out at first.
Batting: RHB Phil Rowlett 0-0: DOUBLE (Line Drive, 7LD)
Batting: RHB Dean Oglethorpe 0-0: Ball
1-0: Ground out 6-3 (Groundball, 6)
Batting: RHB Bob Jones 0-0: Fly out, F7 (Flyball, 7)
Bottom of the 4th over - 0 run(s), 1 hit(s), 0 error(s), 1 left on base; Grand Rapids 0 - San Francisco 0
TOP OF THE 5TH
Grand Rapids Dutch Ovens batting - Pitching for San Francisco Macho Men : RHP Roger Oliver
Batting: RHB António Aguilera 0-0: Fly out, F8 (Flyball, 78M)
Batting: RHB Ismael Mojica 0-0: Swinging Strike
0-1: Ground out 6-3 (Groundball, 6D)
Batting: RHB Takuro Okawa 0-0: Ground out 5-3 (Groundball, 56)
Top of the 5th over - 0 run(s), 0 hit(s), 0 error(s), 0 left on base; Grand Rapids 0 - San Francisco 0
BOTTOM OF THE 5TH
San Francisco Macho Men batting - Pitching for Grand Rapids Dutch Ovens : RHP Alberto Bustamante
Batting: RHB Lawrence Pérez 0-0: Ball
1-0: Ground out 6-3 (Groundball, 6)
Batting: RHB Daniel Bennett 0-0: Called Strike
0-1: Foul Ball, location: 2F
0-2: Ball
1-2: SINGLE (Groundball, 34D)
Batting: RHB Júlio Serra 0-0: Ball
1-0: Foul Ball, location: 2F
1-1: Ball
2-1: Foul Ball, location: 2F
2-2: Foul Ball, location: 2F
2-2: Strikes out swinging
Batting: LHB Ángel De Jesús 0-0: Ball
1-0: Ball
2-0: Swinging Strike
2-1: Called Strike
2-2: Fly out, F8 (Flyball, 8LM)
Bottom of the 5th over - 0 run(s), 1 hit(s), 0 error(s), 1 left on base; Grand Rapids 0 - San Francisco 0
TOP OF THE 6TH
Grand Rapids Dutch Ovens batting - Pitching for San Francisco Macho Men : RHP Roger Oliver
Batting: LHB Abel Wheeler 0-0: Fly out, F7 (Flyball, 7S)
Batting: SHB Joe Emery 0-0: Ball
1-0: Foul Ball, location: 2F
1-1: Swinging Strike
1-2: Foul Ball, location: 2F
1-2: Foul Ball, location: 2F
1-2: Foul Ball, location: 2F
1-2: DOUBLE (Flyball, 78D)
Batting: RHB Jason Philip 0-0: Called Strike
0-1: Ball
1-1: Ball
2-1: 2-RUN HOME RUN (Line Drive, 7LD), Distance : 359 ft
Batting: SHB John May 0-0: Fly out, F3 (Line Drive, 3)
Batting: LHB Brad Fuller 0-0: Ball
1-0: Called Strike
1-1: Foul Ball, location: 2F
1-2: Foul Ball, location: 2F
1-2: SOLO HOME RUN (Flyball, 9D), Distance : 357 ft
Batting: RHB Weldon Bell 0-0: Called Strike
0-1: Foul Ball, location: 2F
0-2: Ball
1-2: Foul Ball, location: 2F
1-2: Foul Ball, location: 2F
1-2: Ball
2-2: Foul Ball, location: 2F
2-2: Fly out, F6 (Line Drive, 6M)
Top of the 6th over - 3 run(s), 3 hit(s), 0 error(s), 0 left on base; Grand Rapids 3 - San Francisco 0
BOTTOM OF THE 6TH
San Francisco Macho Men batting - Pitching for Grand Rapids Dutch Ovens : RHP Alberto Bustamante
Pitching: RHP Bob Peterson
Batting: LHB Ernesto Hernández 0-0: Called Strike
0-1: Ball
1-1: Foul Ball, location: 2F
1-2: Foul Ball, location: 2F
1-2: Strikes out swinging
Batting: RHB Ánibal López 0-0: Swinging Strike
0-1: Fly out, F9 (Flyball, 9LSF)
Batting: RHB Phil Rowlett 0-0: Ball
1-0: Ball
2-0: Foul Ball, location: 2F
2-1: Called Strike
2-2: Strikes out swinging
Bottom of the 6th over - 0 run(s), 0 hit(s), 0 error(s), 0 left on base; Grand Rapids 3 - San Francisco 0
TOP OF THE 7TH
Grand Rapids Dutch Ovens batting - Pitching for San Francisco Macho Men : RHP Roger Oliver
Batting: RHB António Aguilera 0-0: Foul Ball, location: 2F
0-1: Ball
1-1: Foul Ball, location: 2F
1-2: Ground out 6-3 (Groundball, 6)
Pitching: RHP Carlos Martínez
Batting: RHB Ismael Mojica 0-0: Called Strike
0-1: Called Strike
0-2: Ball
1-2: Ground out 6-3 (Groundball, 6)
Batting: RHB Takuro Okawa 0-0: Fly out, F5 (Line Drive, 5S)
Top of the 7th over - 0 run(s), 0 hit(s), 0 error(s), 0 left on base; Grand Rapids 3 - San Francisco 0
BOTTOM OF THE 7TH
San Francisco Macho Men batting - Pitching for Grand Rapids Dutch Ovens : RHP Bob Peterson
Batting: RHB Dean Oglethorpe 0-0: Ball
1-0: Called Strike
1-1: Swinging Strike
1-2: Strikes out swinging
Batting: RHB Bob Jones 0-0: Ball
1-0: Called Strike
1-1: Swinging Strike
1-2: Ground out 5-3 (Groundball, 56)
Batting: RHB Lawrence Pérez 0-0: Fly out, F4 (Popup, 34D)
Bottom of the 7th over - 0 run(s), 0 hit(s), 0 error(s), 0 left on base; Grand Rapids 3 - San Francisco 0
TOP OF THE 8TH
Grand Rapids Dutch Ovens batting - Pitching for San Francisco Macho Men : RHP Carlos Martínez
Batting: LHB Abel Wheeler 0-0: Ball
1-0: Swinging Strike
1-1: Ball
2-1: Foul Ball, location: 2F
2-2: Ball
3-2: Foul Ball, location: 2F
3-2: Base on Balls
Batting: SHB Joe Emery 0-0: Sac Bunt - play at first, batter OUT! 3-4
Abel Wheeler to second
Batting: RHB Jason Philip 0-0: Ball
Balk!
Abel Wheeler to third
1-0: Foul Ball, location: 2F
1-1: 2-RUN HOME RUN (Flyball, 7LD), Distance : 361 ft
Pitching: RHP Rick Díaz
Batting: SHB John May 0-0: Ball
1-0: Ground out 4-3 (Groundball, 4S)
Batting: LHB Brad Fuller 0-0: Fly out, F5 (Popup, 56)
Top of the 8th over - 2 run(s), 1 hit(s), 0 error(s), 0 left on base; Grand Rapids 5 - San Francisco 0
BOTTOM OF THE 8TH
San Francisco Macho Men batting - Pitching for Grand Rapids Dutch Ovens : RHP Bob Peterson
Batting: RHB Daniel Bennett 0-0: Ball
1-0: Called Strike
1-1: Foul Ball, location: 2F
1-2: Ball
2-2: Ground out 5-3 (Groundball, 56S)
Batting: RHB Júlio Serra 0-0: Ball
1-0: Ball
2-0: Ball
3-0: Base on Balls
Batting: LHB Ángel De Jesús 0-0: Foul Ball, location: 2F
0-1: Ball
1-1: Ball
2-1: Foul Ball, location: 2F
2-2: Strikes out swinging
Pitching: RHP Jacob Edwards
Batting: LHB Ernesto Hernández 0-0: Called Strike
0-1: Ball
1-1: Ball
2-1: Foul Ball, location: 2F
2-2: 2-RUN HOME RUN (Flyball, 9LD), Distance : 337 ft
Batting: RHB Ánibal López 0-0: Called Strike
0-1: Foul Ball, location: 2F
0-2: Foul Ball, location: 2F
0-2: Ball
1-2: Strikes out swinging
Bottom of the 8th over - 2 run(s), 1 hit(s), 0 error(s), 0 left on base; Grand Rapids 5 - San Francisco 2
TOP OF THE 9TH
Grand Rapids Dutch Ovens batting - Pitching for San Francisco Macho Men : RHP Rick Díaz
Batting: RHB Weldon Bell 0-0: Called Strike
0-1: Called Strike
0-2: Ground out 6-3 (Groundball, 6)
Batting: RHB António Aguilera 0-0: Called Strike
0-1: Ball
1-1: SINGLE (Groundball, 4MD)
Batting: RHB Ismael Mojica 0-0: Called Strike
0-1: SINGLE (Flyball, 8LS)
António Aguilera to second
Batting: RHB Takuro Okawa 0-0: SINGLE (Line Drive, 4MD)
António Aguilera to third
Ismael Mojica to second
Runner from 3rd tries for Home, SAFE, no throw
Batting: LHB Abel Wheeler 0-0: Fly out, F7 (Flyball, 7D)
Batting: SHB Joe Emery 0-0: Fly out, F6 (Popup, 56D)
Top of the 9th over - 1 run(s), 3 hit(s), 0 error(s), 2 left on base; Grand Rapids 6 - San Francisco 2
BOTTOM OF THE 9TH
San Francisco Macho Men batting - Pitching for Grand Rapids Dutch Ovens : RHP Jacob Edwards
Batting: RHB Phil Rowlett 0-0: Called Strike
0-1: Ground out 4-3 (Groundball, 4)
Batting: RHB Dean Oglethorpe 0-0: Swinging Strike
0-1: Foul Ball, location: 2F
0-2: Strikes out looking
Batting: RHB Bob Jones 0-0: Foul Ball, location: 2F
0-1: Ground out 4-3 (Groundball, 4)
Bottom of the 9th over - 0 run(s), 0 hit(s), 0 error(s), 0 left on base; Grand Rapids 6 - San Francisco 2
Tuesday, August 8th, 2017 - OOTP Baseball 17.12 Build 75